 Dungeon Sprint DCSS version 0.27-a0-1256-gced786f65e (webtiles) character file.

Game seed: 11278403470323378664

74 rocky1 the Slasher (level 4, -15/35 HPs)
             Began as a Formicid Fighter on June 11, 2021.
             Was an Initiate of Cheibriados.
             Demolished by a two-headed ogre
             ... wielding a +0 giant spiked club
              (21 damage)
             ... in the Dungeon (Sprint IX: "|||||||||||||||||||||||||||||").
             The game lasted 00:01:36 (533 turns).

rocky1 the Slasher (Formicid Fighter)                Turns: 533, Time: 00:01:36

Health: -15/35     AC: 14    Str: 22    XL:     4   Next: 52%
Magic:  4/4        EV:  6    Int:  9    God:    Cheibriados [......]
Gold:   0          SH: 10    Dex: 14    Spells: 3/3 levels left

rFire    . . .     SeeInvis +   l - +2 scimitar (holy)
rCold    . . .     Faith    .   c - +0 kite shield
rNeg     . . .     Spirit   .   n - +1 chain mail
rPois    .         Reflect  .   (helmet unavailable)
rElec    .         Harm     .   m - +0 cloak
rCorr    .         Rampage  .   a - +0 pair of gloves
Will     .....                  (no boots)
Stlth    ..........             (no amulet)
HPRegen  0.11/turn              o - +2 ring of protection
MPRegen  0.09/turn              p - +3 ring of dexterity

@: very slow
A: permanent stasis, dig shafts and tunnels, antennae 3, four strong arms
a: Dig, Renounce Religion, Bend Time


You were in the Dungeon.
You worshipped Cheibriados.
Cheibriados was noncommittal.
You visited 1 branch

Inventory:

Hand Weapons
 k - a +1 broad axe of freezing
 l - a +2 scimitar of holy wrath (weapon)
Armour
 a - a +0 pair of gloves (worn)
 c - a +0 kite shield (worn)
 m - a +0 cloak (worn)
 n - a +1 chain mail (worn)
Jewellery
 o - a +2 ring of protection (left hand)
 p - a +3 ring of dexterity (right hand)
Wands
 j - a wand of acid (10)
Scrolls
 i - 2 scrolls of amnesia
Potions
 d - a potion of might
 e - 5 potions of curing
 f - 3 potions of heal wounds
 g - 4 potions of magic
 h - a potion of invisibility


   Skills:
 + Level 3.2 Fighting
 + Level 7.7 Long Blades
 + Level 3.2 Armour
 + Level 0.0 Dodging
 + Level 5.0 Shields
 + Level 0.0 Invocations
 + Level 0.0 Evocations


You had 3 spell levels left.
You didn't know any spells.
Your spell library was empty.

Dungeon Overview and Level Annotations

Branches:
Dungeon (1/1)

Altars:
Cheibriados
Dithmenos
Elyvilon
Fedhas
Gozag
Hepliaklqana
Kikubaaqudgha
Makhleb
Nemelex Xobeh
Okawaru
Qazlal
Ru
Sif Muna
Trog
Uskayaw
Vehumet
Wu Jian
Xom
Yredelemnul
Zin
The Shining One
Beogh
Jiyva
Lugonu


Innate Abilities, Weirdness & Mutations

You cannot be hasted, slowed, berserked, paralysed or teleported.
You can dig through walls and to a lower floor.
You have a pair of large antennae on your head. (SInv)
Your four strong arms can wield two-handed weapons with a shield.


Message History

You finish putting on your +0 cloak.
You start removing your armour.
You continue taking off your +0 scale mail. x4
You finish taking off your +0 scale mail.
You start putting on your armour.
You continue putting on your +1 chain mail. x5
You finish putting on your +1 chain mail.
Unknown command.
Drop what? 16/52 slots (_ for help) (? for menu, Esc to quit)
You drop a +0 scale mail.
You open the door.
A kobold brigand, an orc wizard, a centaur and 3 two-headed ogres come into view.
The kobold brigand is wielding a +0 club and quivering curare-tipped darts.
The kobold brigand shouts!
The centaur shouts!
The orc wizard shouts!
The two-headed ogre shouts in stereo! x2
Unknown command.
You hit the two-headed ogre.
The two-headed ogre is lightly wounded.
The two-headed ogre hits you with a +0 giant spiked club.
You block the two-headed ogre's attack.
Unknown command.
You hit the two-headed ogre.
The two-headed ogre is lightly wounded.
You block the two-headed ogre's attack. x2
Unknown command.
You slash the two-headed ogre!
The two-headed ogre is heavily wounded.
You block the two-headed ogre's attack.
The two-headed ogre hits you but does no damage.
Unknown command.
You hit the two-headed ogre.
The two-headed ogre is heavily wounded.
The orc wizard casts a spell.
The orc wizard flickers and vanishes for a moment.
The two-headed ogre hits you with a +0 giant spiked club!!
Ouch! That really hurt!
* * * LOW HITPOINT WARNING * * *
The two-headed ogre hits you with a +0 giant spiked club!!
Ouch! That really hurt!
You die...

▓.▓
{
▓?▓
{
▓)▓
{
▓.▓
{
▓.▓
{
▓.▓
{
▓.▓
{
▓[▓
{
▓@▓
▓O▓
▓K▓
▓O▓
▓c▓
▓O▓{
▓o▓
▓.▓


You could see 3 two-headed ogres, a kobold brigand, a centaur and an orc wizard
(invisible).

Vanquished Creatures
  2 hounds (D)
  3 dart slugs (D)
  An orc (D)
  2 ball pythons (D)
  A ball python skeleton (D)
  A rat (D)
10 creatures vanquished.

Notes
Turn   | Place    | Note
-------+----------+-------------------------------------------
     0 | D        | rocky1 the Formicid Fighter began the quest for the Orb.
     0 | D        | Reached XP level 1. HP: 18/18 MP: 1/1
    12 | D        | Reached skill level 3 in Long Blades
    12 | D        | Reached XP level 2. HP: 15/24 MP: 2/2
    15 | D        | Reached skill level 5 in Shields
   164 | D        | Reached skill level 6 in Long Blades
   164 | D        | Reached XP level 3. HP: 11/29 MP: 3/3
   170 | D        | Reached skill level 7 in Long Blades
   170 | D        | Reached XP level 4. HP: 14/35 MP: 4/4
   355 | D        | Found a snail-covered altar of Cheibriados.
   355 | D        | Found a shadowy altar of Dithmenos.
   355 | D        | Found a white marble altar of Elyvilon.
   355 | D        | Found a blossoming altar of Fedhas.
   355 | D        | Found an opulent altar of Gozag.
   356 | D        | Found a hazy altar of Hepliaklqana.
   357 | D        | Found a viscous altar of Jiyva.
   358 | D        | Found an ancient bone altar of Kikubaaqudgha.
   359 | D        | Became a worshipper of Cheibriados the Contemplative
   460 | D        | Found a corrupted altar of Lugonu.
   461 | D        | Found a burning altar of Makhleb.
   462 | D        | Found a sparkling altar of Nemelex Xobeh.
   463 | D        | Found an iron altar of Okawaru.
   464 | D        | Found a stormy altar of Qazlal.
   465 | D        | Found a sacrificial altar of Ru.
   466 | D        | Found a shimmering blue altar of Sif Muna.
   467 | D        | Found a bloodstained altar of Trog.
   468 | D        | Found a hide-covered altar of Uskayaw.
   469 | D        | Found a radiant altar of Vehumet.
   470 | D        | Found an ornate altar of the Wu Jian Council.
   471 | D        | Found a shimmering altar of Xom.
   472 | D        | Found a basalt altar of Yredelemnul.
   473 | D        | Found a glowing silver altar of Zin.
   474 | D        | Found a glowing golden altar of the Shining One.
   529 | D        | Noticed a two-headed ogre
   529 | D        | Noticed a kobold brigand
   529 | D        | Noticed a centaur
   529 | D        | Noticed a two-headed ogre
   529 | D        | Noticed a two-headed ogre
   533 | D        | Demolished by a two-headed ogre

Illustrated notes

Levels and vault maps discovered:
D:        linesprint [early_d, line_temple, items_1, d_10, items_2, lair_1,
          lair_end, items_3, orc_1, orc_end, items_4, d_15, swamp_1, shoals_1,
          snake_1, spider_1, d_20, vaults_1, items_5, swamp_end, shoals_end,
          snake_end, spider_end, vaults_end, d_27, items_6, zot_1, zot_end,
          crypt_end, forest_end, elf_end, slime_end, tomb_end, abyss_end,
          pan_hell_end]

Skill      XL: |  1  2  3 |
---------------+----------+-----
Shields        | 4 5 |  5.0
Long Blades    | 3 6 7 |  7.7
Fighting       | |  3.2
Armour         | |  3.2

Action                   |  1- 3 |  4- 6 || total
-------------------------+-------+-------++-------
Melee: Long sword        |    37 |     5 ||    42
       Scimitar          |       |     4 ||     4
Armor: Scale mail        |    13 |       ||    13
       Chain mail        |       |     1 ||     1
Dodge: Dodged            |    12 |     2 ||    14
Block: Kite shield       |    24 |     5 ||    29
       Rpst.: Long sword |     4 |     1 ||     5

Table legend: (Time is in decaauts)
 A = Elapsed time spent in this place.
 B = Non-inter-level travel time spent in this place.
 C = Inter-level travel time spent in this place.
 D = Time resting spent in this place.
 E = Time spent auto-exploring this place.
 F = Levels seen in this place.
 G = Mean time per level.
                   A        B        C        D        E       F      G
               +--------+--------+--------+--------+--------+-----+--------+
         Total |    555 |    555 |      0 |    396 |      0 |   1 |  555.0 |
       Dungeon |    555 |    555 |      0 |    396 |      0 |   1 |  555.0 |
               +--------+--------+--------+--------+--------+-----+--------+

Top non-repeatable levels by time:
       D: 555 daAuts
